 Dungeon Crawl Stone Soup version 0.17.1-2-g5865329 (console) character file.

274 hhkb the Ducker (level 6, -7/32 HPs)
             Began as a Deep Elf Ice Elementalist on Feb 6, 2016.
             Killed by divine providence
             ... invoked by an orc priest
              (13 damage)
             ... on level 4 of the Dungeon.
             The game lasted 00:27:23 (5189 turns).

hhkb the Ducker (Deep Elf Ice Elementalist)         Turns: 5189, Time: 00:27:23

Health: -7/32      AC:  6    Str:  7    XL:     6   Next: 3%
Magic:  3/12       EV: 15    Int: 20    God:
Gold:   102        SH:  0    Dex: 15    Spells: 4 memorised, 1 level left

rFire  . . .     SeeInvis .     i - +1 dagger
rCold  + . .     Clarity  .     a - +1 robe
rNeg   . . .     SustAt   .     (no shield)
rPois  .         Gourm    .     (no helmet)
rElec  .         Spirit   .     (no cloak)
rCorr  .         Warding  .     (no gloves)
rMut   .         Stasis   .     f - +2 pair of boots
MR     .....                    (no amulet)
Stlth  ++........               h - ring of protection from cold {rC+, !d}
                                e - ring of wizardry {Wiz+, !d}

@: not resistant to hostile enchantments, unstealthy
A: no striking features
a: no special abilities


You were on level 4 of the Dungeon.
You were near starving.

You visited 1 branch of the dungeon, and saw 4 of its levels.

You collected 102 gold pieces.

Inventory:

Hand Weapons
 i - a +1 dagger (weapon)
   (You took it off a kobold on level 1 of the Dungeon)
Missiles
 g - 136 stones (quivered)
 o - a throwing net {=f, !d}
Armour
 a - a +1 robe (worn)
 f - a +2 pair of boots (worn)
   (You found it on level 1 of the Dungeon)
Jewellery
 e - a ring of wizardry (left hand) {Wiz+, !d}
   (You found it on level 1 of the Dungeon)
 h - a ring of protection from cold (right hand) {rC+, !d}
   (You found it on level 3 of the Dungeon)
Scrolls
 m - a scroll of recharging
 n - a scroll of identify
 p - a scroll of enchant armour
 q - a scroll of amnesia
Potions
 l - a potion of invisibility {unknown}
Books
 b - a book of Frost
Comestibles
 c - 5 bread rations {@e1}
 d - a meat ration {@e2}


   Skills:
 - Level 5.0 Dodging
 - Level 2.4 Stealth
 + Level 3.0 Spellcasting
 - Level 4.0 Conjurations
 + Level 2.7 Charms
 - Level 4.0 Ice Magic


You had one spell level left.
You knew the following spells:

 Your Spells              Type           Power        Failure   Level  Hunger
a - Freeze                Ice            ###.         1%          1    None
b - Throw Icicle          Conj/Ice       ###.....     12%         4    ####...
x - Throw Frost           Conj/Ice       ###...       1%          2    ##.....
A - Ozocubu's Armour      Chrm/Ice       ###.....     4%          3    ###....


Dungeon Overview and Level Annotations

Branches:
Dungeon (4/15)
 Temple: D:4-7

Altars:
Cheibriados


Message History

Increase (S)trength, (I)ntelligence, or (D)exterity?
You feel stronger.
Health restored: 32 You now have 1/12 mp.
Unknown command.
Unknown command.
You see here a scorpion corpse.
You butcher the scorpion corpse.
You see here 2 inedible chunks of flesh {@w0}.
You start resting.
p - a scroll of enchant armour You see here a whip.
MP restored: 12 You may need something to eat soon, looking for food.
Can't find anything matching that.
Sorry, you're not good enough to have a special ability.
Found an escape hatch in the ceiling.
A hound comes into view.
The hound barks!
You hear a shout!
A hound is nearby!
A hound is nearby!
A hound is nearby!
An orc priest comes into view. It is wielding a hand axe.
A giant gecko comes into view.
Okay, then.
The hound bites you.
The orc priest calls down the wrath of Beogh upon you.
Something smites you! The hound barely misses you.
You take 11 damage, and have 21/32 hp.
MASSIVE DAMAGE!!
An orc comes into view. It is wielding a hand axe.
The hound misses you. The hound barely misses you.
An iguana comes into view.
The hound barely misses you.
The iguana hisses angrily.
The iguana misses you. The hound bites you but does no damage.
You see here 3 gold pieces.
Unknown command.
Unknown command.
Read which item? (? for menu, Esc to quit)
Okay, then.
Unknown command.
Okay, then.
Unknown command.
Aim: a hound The shard of ice misses the hound.
The shard of ice hits the iguana.
You are near starving!
The hound bites you. The hound barely misses you.
You take 4 damage, and have 18/32 hp.
You now have 8/12 mp.
Aim: a hound The shard of ice hits the hound.
The hound bites you but does no damage.
You now have 4/12 mp.
Aim: a hound (moderately wounded)
The shard of ice hits the hound.
The hound bites you. The hound bites you.
You take 5 damage, and have 13/32 hp.
You now have 0/12 mp.
You hit the hound but do no damage. The hound misses you.
You hit the hound but do no damage. The hound bites you.
The hound bites you but does no damage.
You take 3 damage, and have 10/32 hp.
Read which item? (? for menu, Esc to quit)
As you read the scroll of teleportation, it crumbles to dust.
You feel strangely unstable. The hound closely misses you.
Drink which item? (? for menu, Esc to quit)
Okay, then.
You miss the hound. The hound completely misses you.
The hound completely misses you.
Drink which item? (? for menu, Esc to quit)
You feel better. The hound barely misses you.
You regained 9 hp, and now have 19/32 hp.
You hit the hound.
Your surroundings suddenly seem different.
The orc shouts!
Found a shield, a scroll of identify and a scroll labeled FUFIH EHICLUX.
Found an escape hatch in the floor.
An orc and 2 orc priests come into view.
An escape hatch in the floor.
Unknown command.
Unknown command.
The orc priest shouts!
The orc priest miscasts a cantrip.
The orc hits you with a hand axe!
You take 7 damage, and have 12/32 hp.
MASSIVE DAMAGE!!
The orc shouts!
Drink which item? (? for menu, Esc to quit)
You feel better.
The orc priest casts a cantrip, but nothing happens.
You regained 6 hp, and now have 19/32 hp.
The orc priest looks braver for a moment.
The orc priest looks braver for a moment.
The orc priest mumbles some strange prayers to Beogh against you.
Something smites you!
* * * LOW HITPOINT WARNING * * *
You take 14 damage, and have 6/32 hp.
MASSIVE DAMAGE!!
The orc priest invokes the aid of Beogh against you.
Something smites you!
You die...

# #.......!..# #
#oo........# #
#..........# #
#..........# #
#..........# #
#......%...# #
#..........# #
#..o.......# #
#..@.......# #
###'########
################.#
.................#
.#.###############
.#.# .#.# .#.#
##.#


You could see an orc priest and 2 orcs.

Vanquished Creatures
  A scorpion (D:4)
  7 gnolls
  7 adders
  2 worms (D:2)
  4 orcs (D:3)
  16 bats
  5 giant cockroaches
  8 goblins
  10 hobgoblins
  8 kobolds
  A quokka (D:3)
  3 giant geckos
  10 giant newts
  6 rats
88 creatures vanquished.

Notes
Turn   | Place    | Note
--------------------------------------------------------------
     0 | D:1      | hhkb the Deep Elf Ice Elementalist began the quest for the Orb.
     0 | D:1      | Reached XP level 1. HP: 10/10 MP: 6/6
   266 | D:1      | Reached skill level 3 in Dodging
   461 | D:1      | Reached XP level 2. HP: 10/15 MP: 5/8
   470 | D:1      | Learned a level 2 spell: Throw Frost
  1364 | D:2      | Found a faded altar to an unknown god.
  1397 | D:2      | Reached skill level 4 in Dodging
  1477 | D:2      | Reached XP level 3. HP: 19/19 MP: 4/9
  1598 | D:2      | Learned a level 3 spell: Ozocubu's Armour
  1929 | D:2      | Reached skill level 2 in Conjurations
  2108 | D:2      | Reached XP level 4. HP: 24/24 MP: 4/10
  2343 | D:2      | HP: 6/24 [gnoll/spear of piercing (1)]
  2639 | D:2      | Reached skill level 5 in Dodging
  2956 | D:2      | Reached skill level 3 in Conjurations
  3585 | D:3      | Reached XP level 5. HP: 28/28 MP: 6/11
  3609 | D:3      | Learned a level 4 spell: Throw Icicle
  3709 | D:3      | Found a snail-covered altar of Cheibriados.
  4613 | D:3      | HP: 7/28 [gnoll/spear (2)]
  4614 | D:3      | Reached skill level 4 in Ice Magic
  5015 | D:4      | Reached skill level 4 in Conjurations
  5042 | D:4      | Reached skill level 2 in Charms
  5042 | D:4      | Reached XP level 6. HP: 32/32 MP: 1/12
  5188 | D:4      | HP: 6/32 [orc priest/divine providence (14)]
  5189 | D:4      | Killed from afar by an orc priest

Action                   |  1- 3 |  4- 6 || total
-------------------------+-------+-------++-------
Melee: Dagger            |    42 |    98 ||   140
Throw: Stone             |     2 |     9 ||    11
 Cast: Freeze            |    30 |    33 ||    63
       Throw Frost       |    26 |    49 ||    75
       Ozocubu's Armour  |       |     4 ||     4
       Throw Icicle      |       |     5 ||     5
  Use: Scroll            |     2 |    10 ||    12
       Potion            |       |     2 ||     2
 Stab: Sleeping          |     5 |     1 ||     6
  Eat: Chunk             |     5 |     9 ||    14
       Beef jerky        |       |     1 ||     1

Vault maps used:
D:1:      dpeg_arrival_pits, serial_park_tiny_2
D:2:      forest_paths, ecumenical_altar_2, minmay_three_crescents
D:3:      minmay_door_path, lemuel_doored_altar, first_bread,
          grunt_decor_clamped
D:4:      nemelex_xobeh_ov_fountains_minmay, minmay_quantized

Table legend:
 A = Turns spent in this place as a percentage of turns spent in the entire game.
 B = Non-inter-level travel turns spent in this place as a percentage of non-inter-level travel turns spent in the entire game.
 C = Inter-level travel turns spent in this place as a percentage of turns spent in this place.
 D = Turns resting spent in this place as a percentage of non-inter-level travel turns spent in this place.
 E = Turns spent auto-exploring this place as a percentage of non-inter-level travel turns spent in this place.
 F = Non-inter-level travel turns spent in this place divided by the number of levels of this place that you've seen.
                   A       B       C       D       E      F
               +-------+-------+-------+-------+-------+----------------------
         Total | 100.0 | 100.0 |   0.6 |   2.5 |   6.8 | 535.2
       Dungeon | 100.0 | 100.0 |   0.6 |   2.5 |   6.8 | 535.2
               +-------+-------+-------+-------+-------+----------------------

Table legend:
 A = Kills in this place as a percentage of kills in entire the game.
 B = Kills by you in this place as a percentage of kills by you in the entire game.
 C = Kills by friends in this place as a percentage of kills by friends in the entire game.
 D = Other kills in this place as a percentage of other kills in the entire game.
 E = Experience gained in this place as a percentage of experience gained in the entire game.
 F = Experience gained in this place divided by the number of levels of this place that you have seen.
                   A       B       C       D       E      F
               +-------+-------+-------+-------+-------+----------------------
         Total | 100.0 | 100.0 |  -nan |  -nan | 100.0 |  98.0
       Dungeon | 100.0 | 100.0 |  -nan |  -nan | 100.0 |  98.0
               +-------+-------+-------+-------+-------+----------------------
